 Dungeon Crawl Stone Soup version 0.31.0-32-g396128a36d (webtiles) character file.

Game seed: 15955665433377083154

1910 Marvel the Grappler (level 8, -1/94 HPs)
             Began as a Green Draconian Shapeshifter on Mar 23, 2024.
             Was an Initiate of Qazlal.
             Slain by a slime creature (3 damage)
             ... on level 7 of the Dungeon.
             The game lasted 00:10:48 (4990 turns).

Marvel the Grappler (Green Draconian Shapeshifter)  Turns: 4990, Time: 00:10:48

Health: -1/94      AC: 24    Str: 18 (19) XL:     8   Next: 94%
Magic:  8/8        EV:  2    Int:  8 (10) God:    Qazlal [......]
Gold:   357        SH:  0    Dex: 10 (11) Spells: 7/7 levels left

rFire   . .          .
                       - Unarmed
rCold   . . .        (no shield)
rNeg    . . .        (body armour unavailable)
rPois   +            (helmet currently unavailable)
rElec   .            (cloak currently unavailable)
rCorr   .            (gloves currently unavailable)
SInv    .            (boots currently unavailable)
Will    .....        (no amulet)
Stlth   ++           (no ring)
HPRegen 0.35/turn    (no ring)
MPRegen 0.11/turn

%: no passive effects
@: short of breath, tree-form, attractive
A: stationary, stasis, torment immunity, boosted hp, (breathe noxious fumes), AC
+6, unfitting armour, (poison resistance), (cold-blooded)
a: Renounce Religion


You were on level 7 of the Dungeon.
You worshipped Qazlal.
Qazlal was noncommittal.
You were a tree.
You visited 2 branches of the dungeon, and saw 8 of its levels.

You collected 357 gold pieces.

Inventory:

Armour
 t - a +2 pair of gloves
 u - a +0 cloak
Talismans
 b - a beast talisman
 c - a flux talisman
Scrolls
 d - 2 scrolls of poison
 e - a scroll of silence {unknown}
 f - 2 scrolls of blinking {unknown}
 h - 6 scrolls of teleportation {unknown}
 j - a scroll of immolation {unknown}
 k - a scroll of identify {unknown}
 l - 2 scrolls of revelation {unknown}
 n - a scroll of acquirement {unknown}
 p - a scroll of amnesia {unknown}
 q - a scroll of fear {unknown}
 v - a scroll of fog {unknown}
 w - a scroll of noise {unknown}
Potions
 a - a potion of lignification
 i - a potion of ambrosia {unknown}
 m - a potion of enlightenment {unknown}
 o - a potion of resistance {unknown}
 r - a potion of haste {unknown}


   Skills:
 + Level 3.2 Fighting
 + Level 4.4 Dodging
 + Level 3.6 Stealth
 + Level 9.1 Unarmed Combat
 + Level 4.8 Shapeshifting


You had 7 spell levels left.
You didn't know any spells.
Your spell library contained the following spells:

 Spells                   Type           Power      Damage    Failure   Level
 Magic Dart               Conj           0%         1d3       41%         1
 Blink                    Tloc           0%         N/A       54%         2
 Call Imp                 Summ           0%         N/A       54%         2
 Lesser Beckoning         Tloc           0%         N/A       54%         2
 Gell's Gravitas          Tloc           0%         N/A       78%         3
 Teleport Other           Tloc           0%         N/A       78%         3
 Ignite Poison            Fire/Alch      0%         N/A       99%         4
 Sticky Flame             Fire/Alch      0%         2d4       99%         4
 Dispersal                Tloc           0%         N/A       100%        6
 Ignition                 Fire           0%         3d3       100%        8


Dungeon Overview and Level Annotations

Branches:
Dungeon (7/15)             Temple (1/1) D:5

Altars:
Ashenzari
Dithmenos
Fedhas
Gozag
Hepliaklqana
Kikubaaqudgha
Okawaru
Qazlal
Sif Muna
Uskayaw
Xom
Yredelemnul
Zin
The Shining One

Shops:
D:3 :


Innate Abilities, Weirdness & Mutations

You are a tree.
Your roots penetrate the ground, keeping you stationary.
You cannot be teleported.
You are immune to unholy pain and torment.
Your maximum health is greatly increased.
Your equipment is partially melded.
((You can breathe blasts of noxious fumes.))
((Your lurid green scales are hard. (AC +6)))
You cannot fit into any form of body armour.
((Your system is resistant to poisons. (rPois)))
((You are cold-blooded and may be slowed by cold attacks.))


Message History

The slime creature hits you.
There is an open door here.
The slime creature attacks as it pursues you!
The slime creature hits you.
You have got your breath back.
Aiming: Breathe Noxious Fumes (4% risk of failure)
Press: ? - help, Shift-Dir - straight line, f - orc
Aim: an orc, wielding a +3 battleaxe of electrocution, wearing a +0 scale mail and carrying a wand of charming (65% to hit)
You exhale a blast of noxious fumes.
The blast of choking fumes hits the slime creature.
The slime creature completely resists.
The blast of choking fumes hits the orc.
The orc is moderately wounded.
The slime creature hits you!
* * * LOW HITPOINT WARNING * * *
The orc is engulfed in noxious fumes.
The orc appears confused.
The orc is engulfed in noxious fumes.
The orc appears confused.
The orc is engulfed in noxious fumes.
The orc appears confused.
The slime creature attacks as it pursues you!
The slime creature barely misses you.
There is an open door here.
The air fills with toxic fumes!
As you read the scroll labelled LECOUNN GETTO, it crumbles to dust.
It was a scroll of poison.
The slime creature hits you!
* * * LOW HITPOINT WARNING * * *
The orc is engulfed in poison gas.
The orc is poisoned.
Qazlal accepts your kill.
You feel a bit more experienced.
It was a potion of attraction.
You feel attractive to monsters. The slime creature hits you.
* * * LOW HITPOINT WARNING * * *
Your transformation has ended.
You turn into a tree.
Your roots penetrate the ground.
The slime creature hits you but does no damage.
It was a potion of degeneration.
There was something very wrong with that liquid.
You feel weakened.
You feel dopey.
You feel clumsy. The slime creature hits you.
You die...

+.........'.......#
#..§§.o...#.......#
##.§§§...##.....#.##
##.§§..###........#
##§§.## #.....#.##
##'## #.....### #.#
###.###
######J#######.#
#....§§♣.......#
.....#§§§######.#
##.#.§§§§§ #<# #
#§#§§§## #.# #.#§§##
..# # #§§# ##.# ....
#.# ##.. ..# ###


You could see a slime creature.

Vanquished Creatures
  Pikel (D:6)
  2 water moccasins
  2 sky beasts (D:7)
  A black bear (D:5)
  An ice beast (D:6)
  An ogre (D:6)
  2 lemures
  2 bullfrogs
  A scorpion (D:5)
  A howler monkey (D:7)
  A bombardier beetle (D:5)
  2 hounds
  A jelly (D:6)
  Crazy Yiuf (D:6)
  A sleepcap (D:4)
  5 iguanas
  An orc wizard (D:4)
  Robin (D:4)
  9 adders
  A shadow imp (D:7)
  2 white imps
  2 ufetubi (D:6)
  3 dart slugs
  2 ribbon worms
  9 orcs
  3 ball pythons
  2 bats
  7 endoplasms
  A giant cockroach (D:4)
  17 goblins
  5 hobgoblins
  3 jackals (D:3)
  6 quokkas
  3 frilled lizards
  4 kobolds
  4 rats
110 creatures vanquished.

Notes
Turn   | Place    | Note
-------+----------+-------------------------------------------
     0 | D:1      | Marvel the Draconian Shapeshifter began the quest for the
                  | Orb.
     0 | D:1      | Reached XP level 1. HP: 16/16 MP: 1/1
   117 | D:1      | Reached XP level 2. HP: 23/23 MP: 2/2
   675 | D:2      | Reached XP level 3. HP: 28/28 MP: 3/3
   712 | D:2      | Reached skill level 4 in Unarmed Combat
  1198 | D:3      | Reached XP level 4. HP: 35/35 MP: 4/4
  1373 | D:3      | Noticed a water moccasin
  1389 | D:3      | Killed a water moccasin
  1390 | D:3      | Reached skill level 5 in Unarmed Combat
  1390 | D:3      | Reached XP level 5. HP: 31/40 MP: 5/5
  1621 | D:3      | Found Ydaojy's Book Shoppe.
  2072 | D:4      | Reached skill level 1 in Stealth
  2072 | D:4      | Reached XP level 6. HP: 12/48 MP: 6/6
  2289 | D:4      | Found a shimmering blue altar of Sif Muna.
  2347 | D:4      | Noticed Robin
  2440 | D:4      | Killed Robin
  2640 | D:5      | Entered Level 5 of the Dungeon
  3015 | D:5      | Reached skill level 6 in Unarmed Combat
  3056 | D:5      | Your scales start taking on a lurid green colour.
  3056 | D:5      | Reached XP level 7. HP: 48/55 MP: 7/7
  3056 | D:5      | Gained mutation: Your system is resistant to poisons.
                  | (rPois) [Green Draconian growth]
  3161 | D:5      | Found a staircase to the Ecumenical Temple.
  3177 | Temple   | Entered the Ecumenical Temple
  3199 | Temple   | Became a worshipper of Qazlal Stormbringer
  3686 | D:6      | Found a runed translucent door.
  3687 | D:6      | Noticed Crazy Yiuf
  3693 | D:6      | Killed Crazy Yiuf
  3711 | D:6      | Noticed Pikel
  3725 | D:6      | Killed Pikel
  3726 | D:6      | Reached skill level 7 in Unarmed Combat
  3726 | D:6      | Reached XP level 8. HP: 11/62 MP: 8/8
  4096 | D:6      | Reached skill level 8 in Unarmed Combat
  4330 | D:6      | Found a glowing golden altar of the Shining One.
  4716 | D:6      | Found a basalt altar of Yredelemnul.
  4716 | D:6      | Found a glowing silver altar of Zin.
  4928 | D:7      | Noticed a troll
  4955 | D:7      | Reached skill level 9 in Unarmed Combat
  4962 | D:7      | Noticed a slime creature
  4985 | D:7      | HP: 2/63 [slime creature (11)]
  4990 | D:7      | Slain by a slime creature

Illustrated notes

Levels and vault maps discovered:
D:1:      psy_arrival_spokes, layout_basic
D:2:      cheibrodos_helix_gallery, layout_basic
D:3:      layout_rooms, serial_shops, nicolae_shop_pleasant_corner_grove
D:4:      layout_gridville, led_sif_pool, uniq_robin
D:5:      layout_rooms, minmay_temple_entry_gardened_gates,
          dreamdust_mushroom_princess
D:6:      layout_basic, nicolae_overflow_hidden_temple,
          chequers_serial_rivers_small_b, uniq_pikel, uniq_crazy_yiuf_cottage
D:7:      nzn_winding_woodlands_cross [nzn_winding_woodlands_5x15_default,
          nzn_winding_woodlands_5x15_crooked, nzn_winding_woodlands_5x15_parted,
          nzn_winding_woodlands_5x15_lazy_stream,
          nzn_winding_woodlands_15x15_five_gardens], layout_loops_corners,
          chequers_temple_overflow_statue_of_worship, serial_shops, shop,
          nicolae_grassy_gnolls, uniq_duvessa
Temple:   chequers_temple_sunken

Skill      XL: |  1  2  3  4  5  6  7  8 |
---------------+-------------------------+-----
Dodging        | 2 3 4 |  4.4
Unarmed Combat | 4 5 6 7 9 |  9.1
Stealth        | 1 2 3 |  3.6
Fighting       | 2 3 |  3.2
Shapeshifting  | 4 |  4.8

Action                     |  1- 3 |  4- 6 |  7- 9 || total
---------------------------+-------+-------+-------++-------
  Melee: Unarmed           |    81 |   162 |   106 ||   349
         Tailslap          |     9 |    23 |    21 ||    53
         Punch             |     1 |     7 |     7 ||    15
Ability: Breathe Noxious F |       |       |     7 ||     7
    Use: Potion            |       |     2 |     3 ||     5
         Scroll            |       |       |     1 ||     1
   Stab: Sleeping          |     1 |     2 |     1 ||     4
         Confused          |       |       |     4 ||     4
 Armour: Skin              |    37 |   117 |    60 ||   214
  Dodge: Dodged            |    46 |    91 |    42 ||   179
